 Dungeon Crawl Stone Soup version 0.30-b1-2-g02819fbbbe (webtiles) character file.

Game seed: 4722591334057869149

31117 Vic the Protected (level 13, -2/124 HPs)
             Began as a Minotaur Fighter on Dec 10, 2023.
             Was the Champion of Okawaru.
             Drowned by a water elemental (11 damage)
             ... led by a merfolk aquamancer
             ... on level 2 of the Shoals.
             The game lasted 00:31:31 (13672 turns).

Vic the Protected (Minotaur Fighter)               Turns: 13672, Time: 00:31:32

Health: -2/124     AC: 30    Str: 35    XL:     13   Next: 24%
Magic:  0/12       EV: 13    Int: 11    God:    Okawaru [******]
Gold:   1195       SH: 14    Dex: 10    Spells: 12/12 levels left

rFire   . . .        Z - +2 war axe (freeze)
rCold   . . .        Q - +2 kite shield
rNeg    . . .        O - +9 plate armour of Peek-a-Boo {Str+5}
rPois   +            (helmet restricted)
rElec   .            D - +0 cloak
rCorr   .            r - +2 pair of gloves
SInv    .            (no boots)
Will    .....        S - amulet of guardian spirit Stlth
                     e - +5 ring of evasion
HPRegen 0.40/turn    c - ring of the Clam {+Blink rPois Str+4 Int+6 Slay+3}
MPRegen 0.13/turn

%: guardian spirit
@: engulfed (cannot breathe), very slow
A: horns 2, retaliatory headbutt
a: Renounce Religion, Evoke Blink, Heroism, Finesse, Duel


You were on level 2 of the Shoals.
You worshipped Okawaru.
Okawaru was exalted by your worship.
You visited 4 branches of the dungeon, and saw 17 of its levels.
You also visited: Bailey.

You collected 1195 gold pieces.

Inventory:

Hand Weapons
 b - the +9 sling "Jyej Buch" {speed, rCorr}
   (You found it on level 10 of the Dungeon)

   rCorr:     It protects you from acid and corrosion.
 J - a +4 dire flail of protection
 X - the +6 trident "Kioj" {spect, rCorr Stlth+}
   (You found it on level 10 of the Dungeon)

   rCorr:     It protects you from acid and corrosion.
   Stlth:     It makes you more stealthy.
 Z - a +2 war axe of freezing (weapon)
Missiles
 f - 5 silver javelins
 n - 4 atropa-tipped darts
 u - 4 datura-tipped darts
 x - a throwing net (quivered)
Armour
 r - a +2 pair of gloves (worn)
 D - a +0 cloak (worn)
 O - the +9 plate armour of Peek-a-Boo (worn) {Str+5}
   (Okawaru gifted it to you on level 2 of the Lair of Beasts)

   Str:       It affects your strength (+5).
 Q - a +2 kite shield (worn)
Magical Staves
 H - a staff of earth
Jewellery
 c - the ring of the Clam (right hand) {+Blink rPois Str+4 Int+6 Slay+3}
   (You found it on level 2 of the Lair of Beasts)

   [ring of intelligence]

   Str:       It affects your strength (+4).
   Int:       It affects your intelligence (+6).
   Slay:      It affects your accuracy & damage with ranged weapons and melee
   (+3).
   rPois:     It protects you from poison.
   +Blink:    It lets you blink.
 e - a +5 ring of evasion (left hand)
 g - a +5 ring of evasion
 j - a ring of magical power
 o - a ring of flight
 w - a +6 ring of dexterity
 K - a +6 ring of intelligence
 M - a +6 ring of dexterity
 S - an amulet of guardian spirit (around neck)
Wands
 s - a wand of iceblast (15)
 I - a wand of acid (8)
 W - a wand of flame (14)
Scrolls
 a - a scroll of noise {unknown}
 i - a scroll of enchant weapon
 k - 5 scrolls of enchant armour
 m - 6 scrolls of teleportation
 p - 3 scrolls of fear
 q - 17 scrolls of identify
 v - a scroll of magic mapping
 y - 2 scrolls of fog
 z - a scroll of silence
 C - 4 scrolls of butterflies
 E - 3 scrolls of blinking
 G - 3 scrolls of immolation {unknown}
 L - 3 scrolls of poison {unknown}
 N - a scroll of acquirement {unknown}
 T - 2 scrolls of vulnerability {unknown}
 U - 4 scrolls of amnesia {unknown}
Potions
 d - 5 potions of might
 h - 8 potions of curing
 l - 3 potions of cancellation
 t - 5 potions of degeneration
 A - 2 potions of invisibility
 B - 4 potions of lignification
 F - 2 potions of ambrosia {unknown}
 P - 2 potions of attraction {unknown}
 R - 5 potions of flight {unknown}
 V - a potion of brilliance
 Y - a potion of haste {unknown}


   Skills:
 + Level 14.0 Fighting
 + Level 13.8 Axes
 + Level 14.1 Armour
 + Level 14.0 Shields


You had 12 spell levels left.
You didn't know any spells.
Your spell library contained the following spells:

 Spells                   Type           Power      Damage    Failure   Level
 Necrotise                Necr           0%         1d4       91%         1
 Blink                    Tloc           0%         N/A       97%         2
 Lesser Beckoning         Tloc           0%         N/A       97%         2
 Momentum Strike          Conj/Tloc      0%         3d8       97%         2
 Ignite Poison            Fire/Tmut/Pois 0%         N/A       100%        3
 Vampiric Draining        Necr           0%         2d6       100%        3
 Petrify                  Tmut/Erth      0%         N/A       100%        4
 Sticky Flame             Conj/Fire      0%         2d3       100%        4
 Agony                    Necr           0%         N/A       100%        5
 Metabolic Englaciation   Hex/Ice        0%         N/A       100%        5
 Statue Form              Tmut/Erth      0%         N/A       100%        6
 Ignition                 Fire           0%         3d3       100%        8


Dungeon Overview and Level Annotations

Branches:
Dungeon (11/15)            Temple (1/1) D:6            Lair (3/5) D:10
 Shoals (2/4) Lair:3       Spider (0/4) Lair:2          Orc (0/2) D:9
 Bailey (visited)

Altars:
Nemelex Xobeh
Okawaru
Qazlal
Uskayaw
Vehumet
Wu Jian
Yredelemnul
Zin

Shops:
D:4 *   D:9 [

Portals:
Bazaar: Shoals:2


Innate Abilities, Weirdness & Mutations

You have a pair of horns on your head.
You reflexively headbutt those who attack you in melee.


Message History

The merfolk aquamancer is almost dead.
You are engulfed in a cloud of scalding steam.
The merfolk aquamancer points at you and mumbles some strange words.
The ball of steam hits you!!!
* * * LOW HITPOINT WARNING * * *
You slice the merfolk aquamancer!! You freeze the merfolk aquamancer.
You kill the merfolk aquamancer!
Okawaru accepts your kill.
You are engulfed in a cloud of scalding steam.
The water elemental hits you.
The water elemental engulfs you in water!
The water elemental closely misses you.
You are engulfed in a cloud of scalding steam.
* * * LOW HITPOINT WARNING * * *
Your lungs strain for air!
The merfolk closely misses you. The water elemental hits you.
The merfolk barely misses you.
Your unstable footing causes you to fumble your attack.
* * * LOW HITPOINT WARNING * * *
Your lungs strain for air!
You feel your willpower return. The water elemental barely misses you.
You furiously retaliate!
You headbutt the water elemental! You block the merfolk's attack.
You hit the water elemental but do no damage.
The water elemental is heavily damaged.
* * * LOW HITPOINT WARNING * * *
Your lungs strain for air!
The water elemental misses you. You furiously retaliate!
You headbutt the water elemental!
Your unstable footing causes you to fumble your attack.
* * * LOW HITPOINT WARNING * * *
Your lungs strain for air!
The merfolk closely misses you. You block the water elemental's attack.
A merfolk aquamancer comes into view. It is wielding a +7 vampiric rapier.
Your unstable footing causes you to fumble your attack.
* * * LOW HITPOINT WARNING * * *
Your lungs strain for air!
You block the merfolk's attack. The water elemental hits you.
A merfolk avatar comes into view.
You die...

~~~~.............^......~~~~~
~~~~...<..................~~~
~~~~...m?....................
~~~..........................
~~..∩.....[..........###..##.
c$..........EcE.......#
#..##. c.........mcmSc......#
####.. ....E....cE##E##.....#
### .......E...#@~~#.....# ##
.m.........#~≈~#.....# ###.
.##..#...S#.≈.#.....#####...
...###.~#.≈.####........~~
#.[.# #.>P...~~~~~
#####.####..~~~).~ ~~~..
#.~~....~ ~~P~.###.~~.###.
~~~~P~~P..~~~.# #.


You could see a sea snake, a merfolk aquamancer, a merfolk, 3 fauns and 3 water
elementals.

Vanquished Creatures
  A kraken (Shoals:2)
  The ghost of Discosetron the Eclecticist, an adept DECj of Vehumet (Shoals:2)
  Fannar (Lair:3)
  Josephine (Lair:3)
  2 hydras (Lair:3)
  2 two-headed ogres (D:10)
  3 merfolk aquamancers
  4 sea snakes (Shoals:1)
  Pikel (D:6)
  A faun (Shoals:2)
  2 manticores
  2 merfolk sirens (Shoals:1)
  2 water nymphs (Shoals:1)
  3 black mambas
  5 cane toads
  A demonic crawler (Lair:2)
  A polar bear (Lair:2)
  4 merfolk (Shoals:1)
  12 blink frogs
  Prince Ribbit (D:8)
  A snapping turtle (Shoals:1)
  7 dream sheep (Lair:1)
  Sigmund (D:6)
  3 wraiths (Lair:3)
  9 wyverns
  20 yaks
  2 steam dragons
  Edmund (D:6)
  5 water moccasins
  2 ice beasts
  6 orc warriors
  2 sky beasts
  5 black bears
  An ogre (D:6)
  15 wolves
  5 centaurs
  3 lemures (D:6)
  8 kobold brigands
  5 bullfrogs
  7 scorpions
  10 killer bees
  4 howler monkeys
  6 hounds
  A gnoll bouda (D:9)
  A jelly (D:7)
  2 sleepcaps
  4 iguanas
  5 orc wizards
  Ijyb (D:3)
  5 adders
  11 gnolls
  2 white imps
  3 ufetubi
  2 worms
  6 dart slugs
  20 orcs
  4 bats
  5 endoplasms
  5 giant cockroaches
  5 goblins
  3 hobgoblins
  8 jackals (D:1)
  7 quokkas
  8 ball pythons
  3 frilled lizards (D:1)
  25 kobolds
  4 rats
  A bush (D:10)
  3 tentacles (Shoals:2)
322 creatures vanquished.

Vanquished Creatures (others)
  A kobold (Bailey)
  11 fungi
  53 plants
  A spectral weapon (D:10)
  5 tentacles (Shoals:2)
71 creatures vanquished.

Grand Total: 393 creatures vanquished

Notes
Turn   | Place    | Note
-------+----------+-------------------------------------------
     0 | D:1      | Vic the Minotaur Fighter began the quest for the Orb.
     0 | D:1      | Reached XP level 1. HP: 19/19 MP: 0/0
    72 | D:1      | Reached XP level 2. HP: 26/27 MP: 1/1
   288 | D:1      | Reached XP level 3. HP: 33/33 MP: 2/2
   795 | D:2      | Reached XP level 4. HP: 38/40 MP: 3/3
  1711 | D:3      | Found a sparkling altar of Nemelex Xobeh.
  1826 | D:3      | Noticed Ijyb
  1833 | D:3      | Killed Ijyb
  1977 | D:3      | Reached XP level 5. HP: 47/47 MP: 4/4
  2381 | D:4      | Found Wuowk's General Store.
  2486 | D:4      | Reached skill level 5 in Shields
  2514 | D:4      | Reached skill level 5 in Armour
  2551 | D:4      | Reached skill level 5 in Fighting
  2644 | D:4      | Reached XP level 6. HP: 56/56 MP: 5/5
  2804 | D:4      | Noticed an ice beast
  2820 | D:4      | Killed an ice beast
  3271 | D:4      | Reached skill level 5 in Axes
  3838 | D:5      | Entered Level 5 of the Dungeon
  3857 | D:5      | Reached XP level 7. HP: 59/62 MP: 6/6
  4930 | D:6      | Noticed a wyvern
  4935 | D:6      | Reached XP level 8. HP: 71/71 MP: 7/7
  5119 | D:6      | Noticed Pikel
  5139 | D:6      | Noticed Edmund
  5156 | D:6      | Killed Edmund
  5165 | D:6      | Killed Pikel
  5254 | D:6      | Found a staircase to the Ecumenical Temple.
  5284 | D:6      | Reached XP level 9. HP: 76/81 MP: 8/8
  5298 | Temple   | Entered the Ecumenical Temple
  5337 | Temple   | Became a worshipper of Warmaster Okawaru
  5597 | D:6      | Noticed Sigmund
  5617 | D:6      | Killed Sigmund
  6253 | D:7      | Reached * piety under Okawaru
  6727 | D:8      | Found a hide-covered altar of Uskayaw.
  7139 | D:8      | Noticed Prince Ribbit
  7145 | D:8      | Killed Prince Ribbit
  7666 | D:9      | Found Onkene's Armour Boutique.
  7666 | D:9      | Found a staircase to the Orcish Mines.
  7906 | D:9      | Reached ** piety under Okawaru
  7939 | D:9      | Reached XP level 10. HP: 91/91 MP: 9/9
  8595 | D:10     | Entered Level 10 of the Dungeon
  8622 | D:10     | Identified the +6 trident "Kioj" {spect, rCorr Stlth+}
  8701 | D:10     | Noticed a two-headed ogre
  8712 | D:10     | Killed a two-headed ogre
  8712 | D:10     | Reached *** piety under Okawaru
  8713 | D:10     | Reached skill level 10 in Fighting
  8713 | D:10     | Reached skill level 10 in Armour
  8713 | D:10     | Reached skill level 10 in Shields
  8805 | D:10     | Noticed a two-headed ogre
  8812 | D:10     | Killed a two-headed ogre
  8813 | D:10     | Reached skill level 10 in Axes
  8847 | D:10     | Reached **** piety under Okawaru
  8908 | D:10     | Found a staircase to the Lair.
  8924 | D:10     | Reached XP level 11. HP: 69/101 MP: 10/10
  9025 | D:10     | Identified the +9 sling "Jyej Buch" {speed, rCorr}
  9256 | D:10     | Found a flagged portal.
  9282 | Bailey   | Entered a bailey
  9301 | Bailey   | Received a gift from Okawaru
  9349 | Bailey   | Found a bloodstained altar of Trog.
  9543 | Lair:1   | Entered Level 1 of the Lair of Beasts
 10050 | Lair:1   | Reached ***** piety under Okawaru
 10723 | Lair:2   | Identified the +9 plate armour of Peek-a-Boo {Str+5}
                  | (Okawaru gifted it to you on level 2 of the Lair of Beasts)
 10723 | Lair:2   | Received a gift from Okawaru
 10819 | Lair:2   | Reached XP level 12. HP: 112/112 MP: 11/11
 10911 | Lair:2   | Identified the ring of the Clam {+Blink rPois Str+4 Int+6
                  | Slay+3}
 11070 | Lair:2   | Found a hole to the Spider Nest.
 11528 | Lair:3   | Noticed Fannar
 11543 | Lair:3   | Noticed an eight-headed hydra
 11548 | Lair:3   | Killed Fannar
 11559 | Lair:3   | Killed a ten-headed hydra
 11900 | Lair:3   | Noticed Josephine
 11914 | Lair:3   | Killed Josephine
 12080 | Lair:3   | Noticed a seven-headed hydra
 12091 | Lair:3   | Killed a 14-headed hydra
 12097 | Lair:3   | Found a staircase to the Shoals.
 12116 | Lair:3   | Reached ****** piety under Okawaru
 12422 | Shoals:1 | Entered Level 1 of the Shoals
 12452 | Shoals:1 | Found Igam's Distillery.
 12488 | Shoals:1 | Received a gift from Okawaru
 12491 | Shoals:1 | Noticed a merfolk aquamancer
 12492 | Shoals:1 | Noticed a merfolk aquamancer
 12492 | Shoals:1 | Noticed a merfolk aquamancer
 12547 | Shoals:1 | Received a gift from Okawaru
 12561 | Shoals:1 | Killed a merfolk aquamancer
 12844 | Shoals:1 | Reached XP level 13. HP: 51/123 MP: 9/12
 13178 | Shoals:2 | Noticed a kraken
 13212 | Shoals:2 | Killed a kraken
 13584 | Shoals:2 | Found a runed translucent door.
 13593 | Shoals:2 | Noticed Discosetron's ghost (adept DECj)
 13607 | Shoals:2 | Killed Discosetron's ghost
 13618 | Shoals:2 | Identified the +3 leather armour of Demons {rCorr}
 13633 | Shoals:2 | Found a gateway to a bazaar.
 13672 | Shoals:2 | Drowned by a water elemental

Illustrated notes

Levels and vault maps discovered:
D:1:      dpeg_arrival_erosion, layout_basic
D:2:      layout_loops_cross
D:3:      layout_basic, nemelex_dance_club_becter, uniq_ijyb
D:4:      layout_layer_cave, serial_shops, shop
D:5:      layout_basic, serial_rivers, chequers_serial_rivers_micro_a,
          chequers_serial_rivers_micro_e, chequers_serial_rivers_micro_c,
          chequers_serial_rivers_micro_d, chequers_serial_rivers_micro_b
D:6:      layout_basic, minmay_temple_entry_trees, uniq_edmund, uniq_sigmund,
          uniq_pikel
D:7:      layout_loops_ring
D:8:      layout_layer_cave, mainiacjoe_overflow_boulevard, uniq_prince_ribbit1
D:9:      layout_loops_ring, orc_david_3
D:10:     layout_roguey, minmay_lair_entry_grove, enter_bailey_4
D:11:     layout_layer_cave
Temple:   nicolae_temple_slightly_damp_pantheon
Lair:1:   layout_regular_city
Lair:2:   layout_loops_ring, nicolae_spider_entry_non_spiders,
          grunt_megastairs_2
Lair:3:   layout_roguey, minmay_shoals_entry_centaurs, uniq_fannar,
          uniq_josephine
Shoals:1: layout_shoals, serial_shops, nicolae_shop_industrial_runoff,
          nicolae_splish_splash
Shoals:2: layout_shoals, serial_shops, bzr_entry_dummy,
          ebering_ghost_reflecting_pool

Skill      XL: |  1  2  3  4  5  6  7  8  9 10 11 12 13 |
---------------+----------------------------------------+-----
Armour         | 4 5 6 7 9 10 12 13 14 | 14.1
Shields        | 4 5 6 7 9 10 12 13 14 | 14.0
Fighting       | 4 5 6 7 9 10 12 13 14 | 14.0
Axes           | 3 4 5 6 7 9 10 12 13 | 13.8

Action                     |  1- 3 |  4- 6 |  7- 9 | 10-12 | 13-15 || total
---------------------------+-------+-------+-------+-------+-------++-------
  Melee: War axe           |    63 |    82 |   258 |   421 |    56 ||   880
         Headbutt          |     7 |    14 |    33 |    83 |    12 ||   149
         Trident           |       |       |       |    23 |       ||    23
 Invoke: Heroism           |       |       |     1 |     1 |       ||     2
         Finesse           |       |       |       |     1 |       ||     1
    Use: Scroll            |     4 |     9 |       |     1 |       ||    14
         Potion            |     4 |       |       |     3 |       ||     7
 Armour: Scale mail        |    32 |    22 |     3 |       |       ||    57
         Plate armour      |       |       |   110 |   179 |    28 ||   317
  Dodge: Dodged            |    51 |    83 |   191 |   269 |    29 ||   623
  Block: Buckler           |    14 |    27 |    30 |       |       ||    71
         Kite shield       |       |       |    71 |   342 |    44 ||   457
